AoeStats
← APs | Power to the People

Arena

509801859Analyzed
4v4 RM · 5d ago on Sep 28, 2026· 36m 1s· 8 players
Game mode
Random Map
Map size
Large (8 player)
Population
200
Speed
Normal
Resources
Standard
Victory
Conquest
Starting age
Dark Age
Ending age
Imperial Age
RankedLock teamsTeams togetherTeam positionsShared explorationLock speedFull tech treeHidden civsTurbo modeCheats
Victory
Defeat
🇦🇷 Saracens · Argentina
1641
+10
🇦🇷 Cumans · Argentina
1621
+10
1498
+15
🇨🇱 Malay · Chile
1324
+22
1531
-16
🇦🇷 Bohemians · Argentina
1490
-15
🇦🇷 Burgundians · Argentina
1482
-14
🇦🇷 Turks · Argentina
1429
-12
APs | Power to the People
9:07 Feudal Age
12:54 Castle Age
11:10 Double-Bit Axe
12:01 Horse Collar
13:33 Forging
18:01 Squires
19:15 Iron Casting
23:54 Gold Mining
29:52 Town Watch
32:38 Scale Mail Armor
34:12 Fletching
APs | Guna
3:13 Double-Bit Axe
10:21 Feudal Age
8:38 Horse Collar
10:50 Loom
14:56 Castle Age
13:35 Bow Saw
13:54 Heavy Plow
16:23 Wheelbarrow
19:45 Light Cavalry
22:49 Scale Barding Armor
22:57 Forging
23:16 Husbandry
24:14 Scale Barding Armor
25:51 Gold Mining
27:23 Two-Man Saw
26:20 Town Watch
30:23 Imperial Age
28:18 Hand Cart
28:40 Crop Rotation
27:42 Cavalier
30:54 Chain Barding Armor
31:10 Iron Casting
32:08 Chemistry
31:02 Paladin
34:11 Plate Barding Armor
35:35 Blast Furnace
APs | MercadoDelAge
11:06 Feudal Age
15:43 Castle Age
13:55 Double-Bit Axe
14:07 Gold Mining
20:22 Imperial Age
24:55 Horse Collar
29:57 Bow Saw
29:49 Heavy Plow
32:53 Padded Archer Armor
35:34 Fletching
APs | Zethex
10:13 Feudal Age
14:48 Castle Age
13:52 Double-Bit Axe
16:20 Pikeman
17:47 Loom
24:36 Town Watch
31:15 Fletching
32:28 Bodkin Arrow
32:44 Padded Archer Armor
33:41 Wheelbarrow
35:24 Leather Archer Armor
35:08 Elite Skirmisher
AiM | Walter Quiver
10:12 Feudal Age
11:19 Loom
14:11 Castle Age
13:15 Double-Bit Axe
13:11 Horse Collar
20:35 Fervor
24:35 Bow Saw
28:18 Fletching
28:58 Bodkin Arrow
29:33 Padded Archer Armor
29:56 Gold Mining
31:38 Fortified Wall
BOT Douglas
6:48 Loom
8:53 Feudal Age
9:42 Double-Bit Axe
11:58 Fletching
13:49 Town Watch
26:27 Wheelbarrow
28:09 Horse Collar
36:23 Castle Age
Cannoli
10:04 Feudal Age
11:16 Double-Bit Axe
14:03 Castle Age
12:22 Double-Bit Axe
12:23 Horse Collar
15:00 Bow Saw
15:30 Heavy Plow
22:34 Wheelbarrow
23:58 Hand Cart
28:08 Imperial Age
25:24 Town Watch
25:32 Gold Mining
25:35 Loom
26:17 Scale Barding Armor
26:34 Forging
27:02 Gold Shaft Mining
26:23 Stone Mining
27:35 Husbandry
28:00 Bloodlines
29:23 Conscription
29:26 Chain Barding Armor
29:41 Iron Casting
30:23 Iron Casting
29:16 Light Cavalry
31:08 Plate Barding Armor
32:28 Blast Furnace
31:30 Fletching
33:10 Chemistry
32:23 Hussar
35:49 Elite Mameluke
DD2E D10 Bulldozer
8:48 Feudal Age
8:30 Double-Bit Axe
8:28 Horse Collar
16:56 Castle Age
18:15 Scale Barding Armor
18:13 Husbandry
23:19 Stone Mining
24:12 Gold Mining
25:51 Forging
26:03 Light Cavalry
31:31 Imperial Age
29:37 Wheelbarrow
29:45 Bow Saw
30:35 Devotion
31:29 Heavy Plow
32:19 Conscription
34:33 Iron Casting
35:31 Gold Shaft Mining
Connection lost

Rejoining the realm…

Still unreachable

The connection could not be restored.

Session expired

The server has moved on; the page needs a fresh start.